AoeStats
← King L

Pilgrims

508797196Analyzed
2v2 RM · 9d ago on Sep 24, 2026· 37m 57s· 4 players
Game mode
Random Map
Map size
Medium (4 player)
Population
200
Speed
Normal
Resources
Standard
Victory
Conquest
Starting age
Dark Age
Ending age
Imperial Age
RankedLock teamsTeams togetherTeam positionsShared explorationLock speedFull tech treeHidden civsTurbo modeCheats
Victory
Defeat
🇨🇱 Malians · Chile
1046
+15
🇨🇱 Vikings · Chile
1043
+15
🇲🇽 Saxons · Mexico
1023
-15
🇲🇽 Danes · Mexico
1018
-15
[Rockas] Querola
7:09 Loom
11:43 Feudal Age
10:39 Loom
12:35 Double-Bit Axe
17:35 Horse Collar
20:09 Town Watch
23:37 Castle Age
29:57 Wheelbarrow
38:23 Imperial Age
36:44 Husbandry
WindedTerror896
5:13 Loom
11:24 Feudal Age
14:57 Town Watch
18:20 Castle Age
16:20 Stone Mining
16:39 Man-at-Arms
18:26 Long Swordsman
25:24 Stone Shaft Mining
tuto
9:02 Feudal Age
10:18 Loom
14:58 Castle Age
12:55 Gold Mining
13:39 Stone Mining
15:17 Fletching
18:30 Squires
19:06 Arson
20:00 Scale Mail Armor
22:07 Forging
25:12 Wheelbarrow
24:46 Tigui
25:08 Bodkin Arrow
38:51 Imperial Age
36:34 Town Watch
38:10 Hand Cart
King L
6:23 Loom
10:17 Feudal Age
11:27 Double-Bit Axe
21:47 Castle Age
23:02 Fletching
23:47 Bodkin Arrow
25:35 Fishing Lines
26:52 Forging
29:26 Bow Saw
29:37 Gillnets
31:43 Scale Barding Armor
32:14 Gold Mining
34:23 Iron Casting
34:40 Chain Barding Armor
34:51 Town Watch
39:12 Imperial Age
Connection lost

Rejoining the realm…

Still unreachable

The connection could not be restored.

Session expired

The server has moved on; the page needs a fresh start.